 Dungeon Crawl Stone Soup version 0.31-a0-1598-g94871bc2e8 (webtiles) character file.

Game seed: 10647745857406881234

56 mopl the Insei (level 3, 0/24 HPs)
             Began as an Octopode Shapeshifter on Jan 7, 2024.
             Slain by a hobgoblin (3 damage)
             ... led by Robin
             ... on level 2 of the Dungeon.
             The game lasted 00:01:08 (1136 turns).

mopl the Insei (Octopode Shapeshifter)              Turns: 1136, Time: 00:01:09

Health: 0/24       AC:  1    Str: 13    XL:     3   Next: 97%
Magic:  3/3        EV: 13    Int: 12    God:
Gold:   118        SH:  0    Dex: 13    Spells: 2/2 levels left

rFire   . .          .
                       - Unarmed
rCold   . . .        (no shield)
rNeg    . . .        (helmet currently unavailable)
rPois   .            (no amulet)
rElec   .            (no ring)
rCorr   .            (no ring)
SInv    .            (no ring)
Will    .....        (no ring)
Stlth   ++           (no ring)
HPRegen 0.24/turn    (no ring)
MPRegen 0.08/turn    (no ring)
                     (no ring)

%: no passive effects
@: beast-form
A: beast (slay +2), almost no armour, amphibious, 8 rings, camouflage 1,
gelatinous body 1, (nimble swimmer 1), tentacles
a: Begin Untransformation


You were on level 2 of the Dungeon.
You were a hulking beast.
You visited 1 branch of the dungeon, and saw 2 of its levels.

You collected 118 gold pieces.

Inventory:

Talismans
 b - a beast talisman
 c - a flux talisman
Scrolls
 e - a scroll of blinking {unknown}
 f - 2 scrolls of identify {unknown}
 g - a scroll of fog {unknown}
Potions
 a - a potion of lignification {!q}
 d - a potion of degeneration {unknown}
 h - a potion of enlightenment {unknown}
 i - a potion of heal wounds {unknown}


   Skills:
 + Level 1.6 Fighting
 + Level 2.3 Dodging
 * Level 3.6 Unarmed Combat
 * Level 3.5 Shapeshifting


You had 2 spell levels left.
You didn't know any spells.
Your spell library contained the following spells:

 Spells                   Type           Power      Damage    Failure   Level
 Necrotise                Necr           0%         1d4       32%         1
 Summon Small Mammal      Summ           0%         N/A       32%         1
 Call Canine Familiar     Summ           0%         N/A       69%         3
 Inner Flame              Hex/Fire       0%         N/A       69%         3
 Vampiric Draining        Necr           0%         2d6       69%         3
 Martyr's Knell           Necr/Summ      0%         N/A       97%         4
 Summon Blazeheart Golem  Fire/Summ      0%         N/A       97%         4
 Curse of Agony           Necr           0%         N/A       100%        5
 Irradiate                Conj/Alch      0%         3d11      100%        5
 Ignition                 Fire           0%         3d3       100%        8


Dungeon Overview and Level Annotations

Branches:
Dungeon (2/15)

Altars:

Annotations:
D:1 dig
D:2 Robin


Innate Abilities, Weirdness & Mutations

You are a hulking beast.
Your limbs bulge with bestial killing power. (Slay +2)
You cannot wear most types of armour.
You are amphibious.
You can wear up to eight rings at the same time.
Your skin changes colour to match your surroundings (Stealth+).
Your rubbery body absorbs attacks. (AC +1, EV +1)
((You are camouflaged when in or above water. (Stealth+)))
You have tentacles for arms and can constrict up to eight enemies at once.


Message History

The goblin attacks as it pursues you! The goblin hits you with a +0 dagger.
There is an open door here.
The goblin unwields a +0 club.
The goblin wields a +0 sling.
The goblin shoots a sling bullet.
The sling bullet closely misses you.
You tentacle-slap the goblin.
You kill the goblin!
An endoplasm comes into view.
The goblin shoots a sling bullet.
The sling bullet misses you.
The goblin no longer looks unusually strong.
The goblin attacks as it pursues you! The goblin closely misses you.
You tentacle-slap the goblin. You grab the goblin.
The goblin is almost dead.
You constrict the goblin.
You kill the goblin!
The goblin no longer looks unusually strong.
The goblin shoots a sling bullet.
The sling bullet misses you.
The goblin shoots a sling bullet.
The sling bullet hits you!
You see here a +0 dagger.
The hobgoblin closely misses you.
The goblin unwields a +0 sling.
The goblin wields a +0 dagger.
The goblin completely misses you.
You bludgeon the goblin!
You kill the goblin!
The hobgoblin no longer looks unusually strong.
The hobgoblin hits you but does no damage.
You tentacle-slap the hobgoblin.
You kill the hobgoblin!
Robin throws the goblin at you!
The goblin unwields a +0 sling.
The goblin wields a +0 club.
The goblin barely misses you.
You tentacle-slap the goblin. Your grab misses the goblin.
The goblin is heavily wounded.
The hobgoblin no longer looks unusually strong.
Robin roars a battlecry!
The hobgoblins go into a battle-frenzy!
The hobgoblin hits you.
* * * LOW HITPOINT WARNING * * *
The goblin barely misses you.
You tentacle-slap the goblin.
You kill the goblin!
The hobgoblin hits you.
You die...

# ########## .. .........#
##########... ########.#
#............ #
#######)###............ #.
#.>....)hggJ..).†...#
#.##...##..###g..).)...#
#..........# #.#..$..###
###....†...#...##....#
#........#.#....##(..
#.....#.......... ....
########..........###..#######
.......'......)...+ ....
##.#.###..........#


You could see Robin, an endoplasm and 2 hobgoblins.

Vanquished Creatures
  An adder (D:2)
  2 dart slugs (D:1)
  3 ball pythons
  7 bats
  A giant cockroach (D:1)
  10 goblins
  5 hobgoblins
  3 quokkas
  2 frilled lizards (D:1)
  3 kobolds (D:1)
  5 rats
42 creatures vanquished.

Notes
Turn   | Place    | Note
-------+----------+-------------------------------------------
     0 | D:1      | mopl the Octopode Shapeshifter began the quest for the Orb.
     0 | D:1      | Reached XP level 1. HP: 13/13 MP: 1/1
   120 | D:1      | Reached XP level 2. HP: 15/18 MP: 2/2
   436 | D:1      | Reached XP level 3. HP: 17/23 MP: 3/3
  1112 | D:2      | Noticed Robin
  1136 | D:2      | Slain by a hobgoblin

Illustrated notes

Levels and vault maps discovered:
D:1:      dpeg_arrival_circle_labyrinth_c, layout_loops_ring,
          due_unseen_surprise
D:2:      layout_basic, chequers_avenue, uniq_robin, uniq_crazy_yiuf_cottage,
          uniq_sigmund

Action                     || total
---------------------------++-------
  Melee: Unarmed           ||    68
         Tentacles         ||    12
         Constrict         ||    15
         Punch             ||     2
   Stab: Sleeping          ||     7
 Armour: Skin              ||    34
  Dodge: Dodged            ||    48

Table legend: (Time is in decaauts)
 A = Elapsed time spent in this place.
 B = Non-inter-level travel time spent in this place.
 C = Inter-level travel time spent in this place.
 D = Time resting spent in this place.
 E = Time spent auto-exploring this place.
 F = Levels seen in this place.
 G = Mean time per level.
                   A        B        C        D        E       F      G
               +--------+--------+--------+--------+--------+-----+--------+
         Total |   1131 |   1064 |     67 |      0 |    891 |   2 |  565.5 |
       Dungeon |   1131 |   1064 |     67 |      0 |    891 |   2 |  565.5 |
               +--------+--------+--------+--------+--------+-----+--------+

Top non-repeatable levels by time:
     D:1: 943 daAuts
     D:2: 188 daAuts
